 Dungeon Crawl Stone Soup version 0.26.0-16-gc1dbca0489 (webtiles) character file.

Game seed: 13812046648109459601

3078 kaeus the Skirmisher (level 9, 0/108 HPs)
             Began as a Demonspawn Berserker on Jan 20, 2021.
             Was an Elder of Trog.
             Slain by a two-headed ogre
             ... wielding a +0 giant club
              (5 damage)
             ... on level 8 of the Dungeon.
             The game lasted 00:22:11 (10164 turns).

kaeus the Skirmisher (Demonspawn Berserker)        Turns: 10164, Time: 00:22:12

Health: 0/108      AC: 23    Str: 23    XL:     9   Next: 58%
Magic:  9/9        EV: 12    Int: 13    God:    Trog [****..]
Gold:   378        SH:  5    Dex: 16    Spells: 8/8 levels left

rFire    + + .     SeeInvis +   a - +0 hand axe
rCold    x . .     Faith    .   v - +0 buckler
rNeg     . . .     Spirit   .   y - +8 fire dragon scales of Penkul {rPois rF++ rC- Str+3 Int+3 Dex+4}
rPois    +         Reflect  .   (helmet restricted)
rElec    .         Harm     .   (no cloak)
rCorr    .         Rampage  .   (no gloves)
Will     .....                  w - +2 pair of boots
Stlth    ..........             i - amulet of the acrobat
HPRegen  0.28/turn              o - ring of flight
MPRegen  0.11/turn              q - ring of see invisible

@: berserking, very quick
A: antennae 1, iridescent scales 1, demonic guardian 1, powered by pain 1
a: Renounce Religion, Evoke Flight, Berserk, Trog's Hand, Brothers in Arms


You were on level 8 of the Dungeon.
You worshipped Trog.
Trog was greatly pleased with you.
You visited 1 branch of the dungeon, and saw 8 of its levels.

You collected 378 gold pieces.

Inventory:

Hand Weapons
 a - a +0 hand axe (weapon)
Armour
 v - a +0 buckler (worn)
 w - a +2 pair of boots (worn)
 y - the +8 fire dragon scales of Penkul (worn) {rPois rF++ rC- Str+3 Int+3 Dex+4}
   (You took it off a centaur on level 7 of the Dungeon)

   It affects your strength (+3).
   It affects your intelligence (+3).
   It affects your dexterity (+4).
   It greatly protects you from fire.
   It makes you vulnerable to cold.
   It protects you from poison.
Jewellery
 f - an uncursed ring of stealth
 i - an amulet of the acrobat (around neck)
 o - a ring of flight (left hand)
 q - a ring of see invisible (right hand)
 s - an uncursed ring of magical power
 u - an uncursed ring of magical power
 x - a cursed ring of teleportation
Wands
 h - a wand of polymorph (9)
Scrolls
 b - 2 scrolls of identify
 c - a scroll of fog
 d - 2 scrolls of magic mapping
 e - 2 scrolls of blinking {unknown}
 j - a scroll of enchant weapon {unknown}
 k - a scroll of amnesia {unknown}
 l - 7 scrolls of remove curse
 m - 2 scrolls of teleportation {unknown}
 p - 3 scrolls of immolation {unknown}
 t - 2 scrolls of noise {unknown}
Potions
 g - 2 potions of brilliance
 n - a potion of invisibility {unknown}
 r - 2 potions of flight
 z - a potion of cancellation


   Skills:
 + Level 7.2 Fighting
 + Level 6.6 Axes
 + Level 6.2 Armour
 - Level 3.4 Dodging
 + Level 4.9 Shields
 + Level 2.6 Evocations


You had 8 spell levels left.
You didn't know any spells.
Your spell library contained the following spells:

 Spells                   Type           Power        Failure   Level
 Ensorcelled Hibernation  Hex/Ice        0%           78%         2


Dungeon Overview and Level Annotations

Branches:
Dungeon (8/15)             Temple (0/1) D:7
   Lair: D:8-11

Altars:
Dithmenos
Gozag
Sif Muna
Trog
Uskayaw
The Shining One

Shops:
D:6 [   D:7 *}


Innate Abilities, Weirdness & Mutations

You have a pair of small antennae on your head.
You are partially covered in iridescent scales. (AC +2)
A weak demonic guardian rushes to your aid.
You sometimes gain a little power by taking damage.


Message History

The two-headed ogre is severely wounded.
You slash the two-headed ogre!
The two-headed ogre is almost dead.
The two-headed ogre hits you with a +0 giant club!!
* * * LOW HITPOINT WARNING * * *
The two-headed ogre hits you but does no damage.
Your fire dragon scales of Penkul prevents you from hitting the two-headed ogre.
The two-headed ogre is almost dead.
Your quasit bites the two-headed ogre.
Your quasit claws the two-headed ogre but does no damage.
Your quasit barely misses the two-headed ogre.
You hit the two-headed ogre.
The two-headed ogre is almost dead.
Your quasit bites the two-headed ogre but does no damage.
Your quasit claws the two-headed ogre but does no damage.
Your quasit claws the two-headed ogre.
You barely miss the two-headed ogre.
The two-headed ogre is almost dead.
The two-headed ogre hits you with a +0 giant club.
You die...

..###..........# ##
(................###.
.....#....<......##..
>...........†...##.#
..........)†......# ###
##.......$.†...####
....##..............#
......5(............#
......O@...†........####
........................
.....................##.
..................#.....
.............##.........
.............##.#.......
............###....#....
...!......... ..........
.#...##### #####>..<.


You could see a two-headed ogre and a friendly quasit (summoned).

Vanquished Creatures
  An orc warrior (D:7)
  2 sky beasts
  An ice beast (D:7)
  A phantom (D:6)
  A centaur (D:8)
  2 wolves (D:8)
  Blork the orc (D:4)
  2 bullfrogs (D:8)
  Dowan (D:4)
  A scorpion (D:7)
  6 killer bees (D:7)
  2 howler monkeys
  5 hounds
  2 orc priests (D:7)
  A bullfrog zombie (D:6)
  2 jellies
  A centaur skeleton (D:8)
  3 iguanas
  2 orc wizards
  6 worker ants
  A hound zombie (D:6)
  4 hound skeletons
  14 adders
  2 shadow imps (D:5)
  6 white imps
  An ufetubus (D:5)
  An ooze (D:3)
  An adder skeleton (D:7)
  3 worms
  5 dart slugs
  4 leopard geckos
  14 orcs
  2 ball pythons (D:4)
  7 bats
  8 giant cockroaches
  11 goblins
  6 hobgoblins
  17 jackals
  5 quokkas
  3 frilled lizards
  4 kobolds
  A quokka zombie (D:5)
  7 rats
170 creatures vanquished.

Vanquished Creatures (collateral kills)
  Sigmund (D:2)
  Grum (D:8)
  Duvessa (D:4)
  A water moccasin (D:6)
  2 sky beasts
  A phantom (D:8)
  An ogre (D:4)
  A centaur (D:7)
  A bullfrog (D:8)
  A scorpion (D:8)
  2 orc wizards
  An iguana (D:8)
  2 worker ants (D:8)
  An adder (D:6)
  A worm (D:2)
  A jackal (D:8)
19 creatures vanquished.

Vanquished Creatures (others)
  A goblin (D:1)
1 creature vanquished.

Grand Total: 190 creatures vanquished

Notes
Turn   | Place    | Note
-------+----------+-------------------------------------------
     0 | D:1      | kaeus the Demonspawn Berserker began the quest for the Orb.
     0 | D:1      | Reached XP level 1. HP: 18/18 MP: 1/1
   312 | D:1      | Gained mutation: You sometimes gain a little power by
                  | taking damage. [demonic ancestry]
   312 | D:1      | Reached XP level 2. HP: 10/24 MP: 2/2
   859 | D:1      | Reached XP level 3. HP: 20/29 MP: 3/3
  1007 | D:1      | You fall into a shaft and drop 1 floor!
  1038 | D:2      | Reached ** piety under Trog
  1223 | D:2      | Noticed Sigmund
  1727 | D:2      | Gained mutation: A weak demonic guardian rushes to your
                  | aid. [demonic ancestry]
  1727 | D:2      | Reached XP level 4. HP: 35/35 MP: 4/4
  2049 | D:2      | Killed Sigmund
  2050 | D:2      | Reached skill level 4 in Fighting
  2050 | D:2      | Gained mutation: You have a pair of small antennae on your
                  | head. [demonic ancestry]
  2050 | D:2      | Reached XP level 5. HP: 22/42 MP: 5/5
  3229 | D:3      | Found a glowing golden altar of the Shining One.
  3505 | D:3      | Gained mutation: You are partially covered in iridescent
                  | scales. (AC +2) [demonic ancestry]
  3505 | D:3      | Reached XP level 6. HP: 48/48 MP: 6/6
  3884 | D:4      | Noticed Blork the orc
  3898 | D:4      | Killed Blork the orc
  4131 | D:4      | Reached *** piety under Trog
  4530 | D:4      | Noticed Duvessa
  4531 | D:4      | Found a bloodstained altar of Trog.
  4544 | D:4      | Killed Duvessa
  4660 | D:4      | Noticed Dowan
  4673 | D:4      | Killed Dowan
  4674 | D:4      | Reached skill level 1 in Shields
  4797 | D:4      | Found a shimmering blue altar of Sif Muna.
  4800 | D:4      | Identified Sif Muna's Almanac of Bewitchment
  4926 | D:4      | Reached XP level 7. HP: 40/55 MP: 7/7
  5241 | D:5      | Entered Level 5 of the Dungeon
  5734 | D:5      | Reached skill level 5 in Fighting
  6569 | D:6      | Found Buzoseg's Antique Armour Shop.
  6810 | D:6      | Reached skill level 5 in Axes
  6979 | D:6      | Reached XP level 8. HP: 56/63 MP: 8/8
  7619 | D:6      | Reached **** piety under Trog
  8039 | D:7      | Found a staircase to the Ecumenical Temple.
  8056 | D:7      | Reached skill level 6 in Fighting
  8056 | D:7      | Reached skill level 5 in Armour
  8741 | D:7      | Reached XP level 9. HP: 59/71 MP: 9/9
  9269 | D:7      | Reached skill level 1 in Evocations
  9402 | D:7      | Found Fuqy's Gadget Shop.
  9551 | D:7      | Found an opulent altar of Gozag.
  9551 | D:7      | Identified the +8 fire dragon scales of Penkul {rPois rF++
                  | rC- Str+3 Int+3 Dex+4}
  9553 | D:7      | Found Gozag's Platinum Reserve.
  9886 | D:8      | Found a shadowy altar of Dithmenos.
  9890 | D:8      | Found a hide-covered altar of Uskayaw.
  9962 | D:8      | Reached skill level 7 in Fighting
  9963 | D:8      | Noticed Grum
  9998 | D:8      | Killed Grum
 10147 | D:8      | Noticed a two-headed ogre
 10161 | D:8      | HP: 5/108 [two-headed ogre/+0 giant club (18)]
 10164 | D:8      | Slain by a two-headed ogre

Illustrated notes

Levels and vault maps discovered:
D:1:      eino_arrival_cavern_c, layout_rooms, minivault_24
D:2:      minmay_inner_zag, layout_basic, minmay_puff, uniq_sigmund
D:3:      layout_loops_ring, nicolae_tso_carved_into_rock
D:4:      layout_loops_ring, nzn_overflow_gifts_of_might_and_magic,
          uniq_blork_the_orc
D:5:      layout_layer_cave
D:6:      minmay_general_purpose_star, layout_loops_ring, serial_shops,
          nicolae_shop_statue_plus, grunt_decor_mini_mirrors
D:7:      layout_loops_ring, nicolae_gozag_zags_fifth_avenue,
          minmay_temple_entry_grid, serial_shops, kennysheep_mini_moat,
          ebering_dispersal_statue_hall
D:8:      layout_rooms, minitemple, uniq_grum

Skill      XL: |  1  2  3  4  5  6  7  8  9 |
---------------+----------------------------+-----
Dodging        | 2 3 |  3.4
Armour         | 2 3 4 5 6 |  6.2
Axes           | 3 4 5 6 |  6.6
Fighting       | 4 5 6 7 |  7.2
Shields        | 1 2 4 |  4.9
Evocations     | 2 |  2.6

Action                   |  1- 3 |  4- 6 |  7- 9 || total
-------------------------+-------+-------+-------++-------
Melee: Hand axe          |   135 |   269 |   665 ||  1069
       Unarmed           |       |       |    15 ||    15
Invok: Berserk           |       |       |     3 ||     3
       Trog's Hand       |       |       |     1 ||     1
Evoke: Wand              |       |       |    23 ||    23
  Use: Scroll            |       |     7 |     3 ||    10
       Potion            |       |       |     7 ||     7
 Stab: Distracted        |       |     2 |     5 ||     7
Armor: Animal skin       |    11 |       |       ||    11
       Chain mail        |    37 |    51 |       ||    88
       Plate armour      |       |   103 |   369 ||   472
       Fire dragon scale |       |       |    61 ||    61
       Skin              |       |       |     5 ||     5
Dodge: Dodged            |    79 |   124 |   320 ||   523
Block: Buckler           |       |     1 |   134 ||   135
